Workbook
Name A1B53806: #REF!
Name A1B53806: #REF!
Name A1B53806: #REF!
Name A1B53806: #REF!
Name Amort_FA: #REF!
Name Amort_FA: #REF!
Name Amort_FA: #REF!
Name Amort_FA: #REF!
Name GrossFA: #REF!
Name GrossFA: #REF!
Name GrossFA: #REF!
Name GrossFA: #REF!
Name new: #REF!
Name new: #REF!
Name new: #REF!
Name new: #REF!
Name PRINT2000: #REF!
Name PRINT2000: #REF!
Name PRINT2000: #REF!
Name PRINT2000: #REF!
Name PRINT93: #REF!
Name PRINT93: #REF!
Name PRINT93: #REF!
Name PRINT93: #REF!
Name PRINT94: #REF!
Name PRINT94: #REF!
Name PRINT94: #REF!
Name PRINT94: #REF!
Name PRINT95: #REF!
Name PRINT95: #REF!
Name PRINT95: #REF!
Name PRINT95: #REF!
Name PRINT96: #REF!
Name PRINT96: #REF!
Name PRINT96: #REF!
Name PRINT96: #REF!
Name PRINT97: #REF!
Name PRINT97: #REF!
Name PRINT97: #REF!
Name PRINT97: #REF!
Name PRINT98: #REF!
Name PRINT98: #REF!
Name PRINT98: #REF!
Name PRINT98: #REF!
Name PRINT99: #REF!
Name PRINT99: #REF!
Name PRINT99: #REF!
Name PRINT99: #REF!
Name PRINTCCAMORTIZN: #REF!
Name PRINTCCAMORTIZN: #REF!
Name PRINTCCAMORTIZN: #REF!
Name PRINTCCAMORTIZN: #REF!
Name start18: #REF!
Name start18: #REF!
Name start18: #REF!
Name start18: #REF!
Name start20: #REF!
Name start20: #REF!
Name start20: #REF!
Name start20: #REF!

Sheet 2015 Full Conty Mifrs Appen 
O1: File Number: | P1: EB-2015-0003
O2: Exhibit: | P2: A
O3: Tab: | P3: 2
O4: Schedule: | P4: 4
O5: Page:
N7: Revision | O7: Date: | P7: August 21,2015
A8: Appendix 2-BA
A9: Fixed Asset Continuity Schedule
H10: Year | I10: 2015
G12: COST (000's) | L12: ACCUMULATIVE DEPRECIATION (000's)
A13: CCA Class | B13: PS GL Account | C13: GL account | D13: Detail Asset Class | E13: Depreciation Rate | F13: Notes | G13: Opening Balance | H13: Additions (3) | I13: Disposals/ Adjustments | J13: Closing Balance | L13: Opening Balance | M13: Additions (3) | N13: Disposals/ Adjustments | O13: Closing Balance | P13: Net Book Value (000's
A14: Distribution Assets
A15: 47 | B15: 1610 | C15: 1610 | D15: Hydro One TS - Contributed Capital | E15: 0.025 | G15: 4953 | H15: 0 | I15: 0 | J15: =SUM(G15:I15) -> 4953 | L15: 893 | M15: 288 | N15: 0 | O15: =+L15+M15+N15 -> 1181 | P15: =+J15-O15 -> 3772
A16: n/a | B16: 1805/1905 | C16: 1805 | D16: Land | E16: 0 | G16: 22422 | H16: 1125 | I16: 0 | J16: =SUM(G16:I16) -> 23547 | L16: 0 | M16: 0 | N16: 0 | O16: =+L16+M16+N16 -> 0 | P16: =+J16-O16 -> 23547
A17: CEC | B17: 1806/1906 | C17: 1612 | D17: Land Rights | E17: 0 | G17: 873 | H17: 33 | I17: 0 | J17: =SUM(G17:I17) -> 906 | L17: 0 | M17: 0 | N17: 0 | O17: =+L17+M17+N17 -> 0 | P17: =+J17-O17 -> 906
A18: 1 | B18: 1808 | C18: 1808 | D18: Building & Fixtures | E18: 0.025 | G18: 6718 | H18: 211 | I18: 0 | J18: =SUM(G18:I18) -> 6929 | L18: 801 | M18: 215 | N18: 0 | O18: =+L18+M18+N18 -> 1016 | P18: =+J18-O18 -> 5913
A19: 47 | B19: 1810 | C19: 1810 | D19: Major spare parts | E19: 0 | G19: 9878 | H19: 0 | I19: 0 | J19: =SUM(G19:I19) -> 9878 | L19: 0 | M19: 0 | N19: 0 | O19: =+L19+M19+N19 -> 0 | P19: =+J19-O19 -> 9878
A20: 47 | B20: 1815 | C20: 1815 | D20: Transformer Stations | E20: 0.025 | F20: 1 | G20: 103285 | H20: 2968 | I20: 0 | J20: =SUM(G20:I20) -> 106253 | L20: 17426 | M20: 4065 | N20: 0 | O20: =+L20+M20+N20 -> 21491 | P20: =+J20-O20 -> 84762
A21: 47 | B21: 1820 | C21: 1820 | D21: Distribution Stations | E21: 0.033333333 | F21: 1 | G21: 24316 | H21: 4071 | I21: 0 | J21: =SUM(G21:I21) -> 28387 | L21: 5758 | M21: 1444 | N21: 0 | O21: =+L21+M21+N21 -> 7202 | P21: =+J21-O21 -> 21185
A22: 47 | B22: 1830 | C22: 1830 | D22: Poles, Towers & Fixtures | E22: 0.022222222 | G22: 144278 | H22: 16590 | I22: -87 | J22: =SUM(G22:I22) -> 160781 | L22: 11025 | M22: 3605 | N22: -4 | O22: =+L22+M22+N22 -> 14626 | P22: =+J22-O22 -> 146155
A23: 47 | B23: 1835 | C23: 1835 | D23: O/H Cond & Devices | E23: 0.025 | G23: 124250 | H23: 12857 | I23: -130 | J23: =SUM(G23:I23) -> 136977 | L23: 12224 | M23: 3799 | N23: -8 | O23: =+L23+M23+N23 -> 16015 | P23: =+J23-O23 -> 120962
A24: 47 | B24: 1840 | C24: 1840 | D24: U/G Conduit | E24: 0.016666667 | G24: 97446 | H24: 7573 | I24: 0 | J24: =SUM(G24:I24) -> 105019 | L24: 5302 | M24: 1799 | N24: 0 | O24: =+L24+M24+N24 -> 7101 | P24: =+J24-O24 -> 97918
A25: 47 | B25: 1845 | C25: 1845 | D25: U/G Cond & Devices | E25: 0.022222222 | G25: 279110 | H25: 37965 | I25: -433 | J25: =SUM(G25:I25) -> 316642 | L25: 23798 | M25: 8059 | N25: -23 | O25: =+L25+M25+N25 -> 31834 | P25: =+J25-O25 -> 284808
A26: 47 | B26: 1849 | C26: 1850 | D26: Line Transformers | E26: 0.029166667 | F26: 2 | G26: 163244 | H26: 7463 | I26: -1901 | J26: =SUM(G26:I26) -> 168806 | L26: 24620 | M26: 6936 | N26: -166 | O26: =+L26+M26+N26 -> 31390 | P26: =+J26-O26 -> 137416
A27: 47 | B27: 1855 | C27: 1855 | D27: Services (OH and UG) | E27: 0.0325 | F27: 2 | G27: 68151 | H27: 3653 | I27: 0 | J27: =SUM(G27:I27) -> 71804 | L27: 14400 | M27: 3467 | N27: 0 | O27: =+L27+M27+N27 -> 17867 | P27: =+J27-O27 -> 53937
A28: 47 | B28: 1860 | C28: 1860 | D28: Meters | E28: 0.053333333 | F28: 2 | G28: 29887 | H28: 4012 | I28: -661 | J28: =SUM(G28:I28) -> 33238 | L28: 5438 | M28: 1944 | N28: -330 | O28: =+L28+M28+N28 -> 7052 | P28: =+J28-O28 -> 26186
A29: 47 | B29: 1862 | C29: 1860 | D29: Smart Meters | E29: 0.066666667 | G29: 49834 | H29: 1185 | I29: 0 | J29: =SUM(G29:I29) -> 51019 | L29: 14146 | M29: 3648 | N29: 0 | O29: =+L29+M29+N29 -> 17794 | P29: =+J29-O29 -> 33225
A30: 47 | C30: 1875 | D30: Streetlighting | E30: 0.04 | G30: 2124 | H30: 2 | I30: 0 | J30: =SUM(G30:I30) -> 2126 | L30: 305 | M30: 91 | N30: 0 | O30: =+L30+M30+N30 -> 396 | P30: =+J30-O30 -> 1730
D31: Subtotal Distribution Assets | E31: n/a | G31: =SUM(G15:G30) -> 1130769 | H31: =SUM(H15:H30) -> 99708 | I31: =SUM(I15:I30) -> -3212 | J31: =SUM(J15:J30) -> 1227265 | L31: =SUM(L15:L30) -> 136136 | M31: =SUM(M15:M30) -> 39360 | N31: =SUM(N15:N30) -> -531 | O31: =SUM(O15:O30) -> 174965 | P31: =SUM(P15:P30) -> 1052300
A32: General Plant Assets
A33: 1 | B33: 1908 | C33: 1908 | D33: Building & Fixtures - Head office | E33: 0.02 | F33: 1 | G33: 43552 | H33: 3761 | I33: 0 | J33: =SUM(G33:I33) -> 47313 | L33: 3744 | M33: 1024 | N33: 0 | O33: =+L33+M33+N33 -> 4768 | P33: =+J33-O33 -> 42545
A34: 13 | B34: 1910 | C34: 1910 | D34: Leasehold Improvements | E34: 0.3 | G34: 191 | H34: 0 | I34: 0 | J34: =SUM(G34:I34) -> 191 | L34: 25 | M34: 3 | N34: 0 | O34: =+L34+M34+N34 -> 28 | P34: =+J34-O34 -> 163
A35: 8 | B35: 1915 | C35: 1915 | D35: Office Equipment | E35: 0.1 | G35: 4938 | H35: 97 | I35: 0 | J35: =SUM(G35:I35) -> 5035 | L35: 2204 | M35: 596 | N35: 0 | O35: =+L35+M35+N35 -> 2800 | P35: =+J35-O35 -> 2235
A36: 50 | B36: 1920 | C36: 1920 | D36: Computer hardware | E36: 0.20416667 | F36: 2 | G36: 11327 | H36: 2036 | I36: 0 | J36: =SUM(G36:I36) -> 13363 | L36: 5920 | M36: 1949 | N36: 0 | O36: =+L36+M36+N36 -> 7869 | P36: =+J36-O36 -> 5494
A37: 12 | B37: 1925 | C37: 1611 | D37: Computer Software | E37: 0.22777778 | F37: 2 | G37: 16799 | H37: 50844 | I37: 0 | J37: =SUM(G37:I37) -> 67643 | L37: 10420 | M37: 5514 | N37: 0 | O37: =+L37+M37+N37 -> 15934 | P37: =+J37-O37 -> 51709
A38: 10 | B38: 1930 | C38: 1930 | D38: Transportation | E38: 0.090548341 | F38: 2 | G38: 14303 | H38: 2263 | I38: 0 | J38: =SUM(G38:I38) -> 16566 | L38: 5805 | M38: 1814 | N38: 0 | O38: =+L38+M38+N38 -> 7619 | P38: =+J38-O38 -> 8947
A39: 8 | B39: 1935 | C39: 1935 | D39: Stores Equipment | E39: 0.1 | G39: 145 | H39: 535 | I39: 0 | J39: =SUM(G39:I39) -> 680 | L39: 5 | M39: 39 | N39: 0 | O39: =+L39+M39+N39 -> 44 | P39: =+J39-O39 -> 636
A40: 8 | B40: 1940/1945 | C40: 1940 | D40: Tools, Shop & Garage | E40: 0.1 | G40: 4317 | H40: 558 | I40: 0 | J40: =SUM(G40:I40) -> 4875 | L40: 1678 | M40: 473 | N40: 0 | O40: =+L40+M40+N40 -> 2151 | P40: =+J40-O40 -> 2724
A41: 8 | B41: 1955 | C41: 1955 | D41: Communication Equipment | E41: 0.21666667 | F41: 2 | G41: 2235 | H41: 364 | I41: 0 | J41: =SUM(G41:I41) -> 2599 | L41: 1547 | M41: 250 | N41: 0 | O41: =+L41+M41+N41 -> 1797 | P41: =+J41-O41 -> 802
A42: 8 | B42: 1960 | C42: 1960 | D42: Miscellaneous equipment | E42: 0.1 | G42: 0 | H42: 0 | I42: 0 | J42: =SUM(G42:I42) -> 0 | L42: 0 | M42: 0 | N42: 0 | O42: =+L42+M42+N42 -> 0 | P42: =+J42-O42 -> 0
A43: 47 | B43: 1980 | C43: 1980 | D43: System Supervisory Equip | E43: 0.077777778 | F43: 2 | G43: 11304 | H43: 1301 | I43: 0 | J43: =SUM(G43:I43) -> 12605 | L43: 4479 | M43: 1032 | N43: 0 | O43: =+L43+M43+N43 -> 5511 | P43: =+J43-O43 -> 7094
A44: 47 | B44: 1990 | C44: 1990 | D44: Other Tangible property | E44: n/a | G44: 0 | H44: 0 | I44: 0 | J44: =SUM(G44:I44) -> 0 | L44: 0 | M44: 0 | N44: 0 | O44: =+L44+M44+N44 -> 0 | P44: =+J44-O44 -> 0
D45: Subtotal General Plant Assets | E45: n/a | G45: =SUM(G33:G44) -> 109111 | H45: =SUM(H33:H44) -> 61759 | I45: 0 | J45: =SUM(J33:J44) -> 170870 | L45: =SUM(L33:L44) -> 35827 | M45: =SUM(M33:M44) -> 12694 | N45: =SUM(N33:N44) -> 0 | O45: =SUM(O33:O44) -> 48521 | P45: =+J45-O45 -> 122349
A46: Other Capital
A47: 47 | B47: 2005 | C47: 2005 | D47: Prop. Under Capital Lease-Addiscott | E47: 0.04 | G47: 17549 | H47: 0 | I47: 0 | J47: =SUM(G47:I47) -> 17549 | L47: 2926 | M47: 731 | N47: 0 | O47: =+L47+M47+N47 -> 3657 | P47: =+J47-O47 -> 13892
D48: Subtotal Other Capital Assets | E48: n/a | G48: =SUM(G47:G47) -> 17549 | H48: =SUM(H47:H47) -> 0 | I48: =SUM(I47:I47) -> 0 | J48: =SUM(J47:J47) -> 17549 | L48: =SUM(L47:L47) -> 2926 | M48: =SUM(M47:M47) -> 731 | N48: =SUM(N47:N47) -> 0 | O48: =SUM(O47:O47) -> 3657 | P48: =+J48-O48 -> 13892
B49: Gross Asset Totals Excluding Contributed Capital | D49: Total Assets Before Contributed Capital | E49: n/a | G49: =+G31+G45+G48 -> 1257429 | H49: =+H31+H45+H48 -> 161467 | I49: =+I31+I45+I48 -> -3212 | J49: =+J31+J45+J48 -> 1415684 | L49: =+L31+L45+L48 -> 174889 | M49: =+M31+M45+M48 -> 52785 | N49: =+N31+N45+N48 -> -531 | O49: =+O31+O45+O48 -> 227143 | P49: =+J49-O49 -> 1188541
A50: 47 | B50: 1995 | C50: 1995/1996 | D50: Contributed Capital | E50: varies | G50: -326846.18 | H50: -18322.74 | I50: 993 | J50: =SUM(G50:I50) -> -344175.92 | L50: -35064.166 | M50: -9958 | N50: 70.628 | O50: =SUM(L50:N50) -> -44951.538 | P50: =+J50-O50 -> -299224.38
D51: NET DISTRIBUTION ASSETS | E51: n/a | G51: =+G49+G50 -> 930582.82 | H51: =+H49+H50 -> 143144.26 | I51: =+I49+I50 -> -2219 | J51: =+J49+J50 -> 1071508.1 | L51: =+L49+L50 -> 139824.83 | M51: =+M49+M50 -> 42827 | N51: =+N49+N50 -> -460.372 | O51: =+O49+O50 -> 182191.46 | P51: =+J51-O51 -> 889316.62
D52: Less Socialized Renewable Energy Generation Investments (input as negative) (5) | G52: -2891 | H52: =2891-2967 -> -76 | I52: 0 | J52: =SUM(G52:I52) -> -2967 | L52: -250 | M52: =250-369 -> -119 | N52: 0 | O52: =+L52+M52+N52 -> -369 | P52: =+J52-O52 -> -2598
D53: Less Other Non Rate-Regulated Utility Assets (input as negative) (4) | G53: 171.9717 | H53: -2.002 | I53: 0 | J53: =SUM(G53:I53) -> 169.9697 | L53: -73.06858 | M53: -43.909192 | N53: 0 | O53: =SUM(L53:N53) -> -116.97777 | P53: =+J53-O53 -> 286.94747
D54: Total PP&E | G54: =SUM(G51:G53) -> 927863.8 | H54: =SUM(H51:H53) -> 143066.26 | I54: =SUM(I51:I53) -> -2219 | J54: =SUM(J51:J53) -> 1068711.1 | L54: =SUM(L51:L53) -> 139501.77 | M54: =SUM(M51:M53) -> 42664.091 | N54: =SUM(N51:N53) -> -460.372 | O54: =SUM(O51:O53) -> 181705.48 | P54: =SUM(P51:P53) -> 887005.57
J56: Less: Fully Allocated Depreciation
A57: =+A38 -> 10 | D57: =+D38 -> Transportation | J57: Transportation | M57: =+M38 -> 1814
A58: =+A39 -> 8 | D58: =+D39 -> Stores Equipment | J58: Stores Equipment | M58: =+M39 -> 39
A59: =+A40 -> 8 | D59: =+D40 -> Tools, Shop & Garage | J59: =+D40 -> Tools, Shop & Garage | M59: =+M40 -> 473
J60: less - Non- distribution | M60: =+M53 -> -43.909192
J61: Net Depreciation | M61: =M51-M57-M58-M59+M60 -> 40457.091
A62: NOTES:
A63: (1) This is the depreciation rate on the largest component within the asset class. Actual depreciation is calculated on the specific rate for each component within the class.
A64: (2) This is the average depreciation rate of 2 subclass of assets within the asset group
A65: (3) Work in progress expenditures have been removed
A66: (4) Non-distribution assets have been removed. For PowerStream the net impact is adding cost because the removal of the contributed capital on streetlighting nominally exceeded the cost
A67: (5) Renewable Generation ("RGEN") capital costs for 2014 and unrecovered costs from prior years are included in the closing 2015 fixed assets balances. The renewable generation connection rate protection("RGCRP") addtions represents 94% of the above in the amount of $1,054k. This amount was approved by the OEB and represents the eligible renewable generation connection rate protection total that PowerStream will receive from Ontario ratepayers through the IESO. The residual 6%, otherwise known as the RGEN direct benefit, has been included in the above 2015 fixed asset addtions and will be added to rate base to be recovered from PowerStream ratepayers.

Sheet 2016 Full Conty Mifrs Appen 
O1: File Number: | P1: EB-2015-0003
O2: Exhibit: | P2: ='2015 Full Conty Mifrs Appen '!P2 -> A
O3: Tab: | P3: ='2015 Full Conty Mifrs Appen '!P3 -> 2
O4: Schedule: | P4: ='2015 Full Conty Mifrs Appen '!P4 -> 4
O5: Page:
N7: Revision | O7: Date: | P7: August 21,2015
A8: Appendix 2-BA
A9: Fixed Asset Continuity Schedule
H10: Year | I10: 2016
G12: COST (000's) | L12: ACCUMULATIVE DEPRECIATION (000's)
A13: CCA Class | B13: PS GL Account | C13: GL account | D13: Detail Asset Class | E13: Depreciation Rate | F13: Notes | G13: Opening Balance | H13: Additions (3) | I13: Disposals/ Adjustments | J13: Closing Balance | L13: Opening Balance | M13: Additions (3) | N13: Disposals/ Adjustments | O13: Closing Balance | P13: Net Book Value (000's
A14: Distribution Assets
A15: 47 | B15: 1610 | C15: 1610 | D15: Hydro One TS - Contributed Capital | E15: 0.025 | G15: 4953 | H15: 0 | I15: 0 | J15: =SUM(G15:I15) -> 4953 | L15: 1181 | M15: 288 | N15: 0 | O15: =+L15+M15+N15 -> 1469 | P15: =+J15-O15 -> 3484
A16: n/a | B16: 1805/1905 | C16: 1805 | D16: Land | E16: 0 | G16: 23547 | H16: 2889 | I16: 0 | J16: =SUM(G16:I16) -> 26436 | L16: 0 | M16: 0 | N16: 0 | O16: =+L16+M16+N16 -> 0 | P16: =+J16-O16 -> 26436
A17: CEC | B17: 1806/1906 | C17: 1612 | D17: Land Rights | E17: 0 | G17: 906 | H17: 34 | I17: 0 | J17: =SUM(G17:I17) -> 940 | L17: 0 | M17: 0 | N17: 0 | O17: =+L17+M17+N17 -> 0 | P17: =+J17-O17 -> 940
A18: 1 | B18: 1808 | C18: 1808 | D18: Building & Fixtures | E18: 0.025 | G18: 6929 | H18: 76 | I18: 0 | J18: =SUM(G18:I18) -> 7005 | L18: 1016 | M18: 219 | N18: 0 | O18: =+L18+M18+N18 -> 1235 | P18: =+J18-O18 -> 5770
A19: 47 | B19: 1810 | C19: 1810 | D19: Major spare parts | E19: 0 | G19: 9878 | H19: 0 | I19: 0 | J19: =SUM(G19:I19) -> 9878 | L19: 0 | M19: 0 | N19: 0 | O19: =+L19+M19+N19 -> 0 | P19: =+J19-O19 -> 9878
A20: 47 | B20: 1815 | C20: 1815 | D20: Transformer Stations | E20: 0.025 | F20: 1 | G20: 106253 | H20: 2891 | I20: 0 | J20: =SUM(G20:I20) -> 109144 | L20: 21491 | M20: 4135 | N20: 0 | O20: =+L20+M20+N20 -> 25626 | P20: =+J20-O20 -> 83518
A21: 47 | B21: 1820 | C21: 1820 | D21: Distribution Stations | E21: 0.033333333 | F21: 1 | G21: 28387 | H21: 491 | I21: 0 | J21: =SUM(G21:I21) -> 28878 | L21: 7202 | M21: 1484 | N21: 0 | O21: =+L21+M21+N21 -> 8686 | P21: =+J21-O21 -> 20192
A22: 47 | B22: 1830 | C22: 1830 | D22: Poles, Towers & Fixtures | E22: 0.022222222 | G22: 160781 | H22: 23545 | I22: -87 | J22: =SUM(G22:I22) -> 184239 | L22: 14626 | M22: 4060 | N22: -4 | O22: =+L22+M22+N22 -> 18682 | P22: =+J22-O22 -> 165557
A23: 47 | B23: 1835 | C23: 1835 | D23: O/H Cond & Devices | E23: 0.025 | G23: 136977 | H23: 24397 | I23: -130 | J23: =SUM(G23:I23) -> 161244 | L23: 16015 | M23: 4229 | N23: -8 | O23: =+L23+M23+N23 -> 20236 | P23: =+J23-O23 -> 141008
A24: 47 | B24: 1840 | C24: 1840 | D24: U/G Conduit | E24: 0.016666667 | G24: 105019 | H24: 6333 | I24: 0 | J24: =SUM(G24:I24) -> 111352 | L24: 7101 | M24: 1893 | N24: 0 | O24: =+L24+M24+N24 -> 8994 | P24: =+J24-O24 -> 102358
A25: 47 | B25: 1845 | C25: 1845 | D25: U/G Cond & Devices | E25: 0.022222222 | G25: 316642 | H25: 38603 | I25: -433 | J25: =SUM(G25:I25) -> 354812 | L25: 31834 | M25: 9056 | N25: -23 | O25: =+L25+M25+N25 -> 40867 | P25: =+J25-O25 -> 313945
A26: 47 | B26: 1849 | C26: 1850 | D26: Line Transformers | E26: 0.029166667 | F26: 2 | G26: 168806 | H26: 13235 | I26: -1901 | J26: =SUM(G26:I26) -> 180140 | L26: 31390 | M26: 7274 | N26: -166 | O26: =+L26+M26+N26 -> 38498 | P26: =+J26-O26 -> 141642
A27: 47 | B27: 1855 | C27: 1855 | D27: Services (OH and UG) | E27: 0.0325 | F27: 2 | G27: 71804 | H27: 4118 | I27: 0 | J27: =SUM(G27:I27) -> 75922 | L27: 17867 | M27: 3522 | N27: 0 | O27: =+L27+M27+N27 -> 21389 | P27: =+J27-O27 -> 54533
A28: 47 | B28: 1860 | C28: 1860 | D28: Meters | E28: 0.053333333 | F28: 2 | G28: 33238 | H28: 2924 | I28: -1176 | J28: =SUM(G28:I28) -> 34986 | L28: 7052 | M28: 2165 | N28: -588 | O28: =+L28+M28+N28 -> 8629 | P28: =+J28-O28 -> 26357
A29: 47 | B29: 1862 | C29: 1860 | D29: Smart Meters | E29: 0.066666667 | G29: 51019 | H29: 2384 | I29: 0 | J29: =SUM(G29:I29) -> 53403 | L29: 17794 | M29: 3767 | N29: 0 | O29: =+L29+M29+N29 -> 21561 | P29: =+J29-O29 -> 31842
A30: 47 | C30: 1875 | D30: Streetlighting | E30: 0.04 | G30: 2126 | H30: 2 | I30: 0 | J30: =SUM(G30:I30) -> 2128 | L30: 396 | M30: 91 | N30: 0 | O30: =+L30+M30+N30 -> 487 | P30: =+J30-O30 -> 1641
D31: Subtotal Distribution Assets | E31: n/a | G31: =SUM(G15:G30) -> 1227265 | H31: =SUM(H15:H30) -> 121922 | I31: =SUM(I15:I30) -> -3727 | J31: =SUM(J15:J30) -> 1345460 | L31: =SUM(L15:L30) -> 174965 | M31: =SUM(M15:M30) -> 42183 | N31: =SUM(N15:N30) -> -789 | O31: =SUM(O15:O30) -> 216359 | P31: =SUM(P15:P30) -> 1129101
A32: General Plant Assets
A33: 1 | B33: 1908 | C33: 1908 | D33: Building & Fixtures - Head office | E33: 0.02 | F33: 1 | G33: 47313 | H33: 398 | I33: 0 | J33: =SUM(G33:I33) -> 47711 | L33: 4768 | M33: 1068 | N33: 0 | O33: =+L33+M33+N33 -> 5836 | P33: =+J33-O33 -> 41875
A34: 13 | B34: 1910 | C34: 1910 | D34: Leasehold Improvements | E34: 0.3 | G34: 191 | H34: 0 | I34: 0 | J34: =SUM(G34:I34) -> 191 | L34: 28 | M34: -1 | N34: 0 | O34: =+L34+M34+N34 -> 27 | P34: =+J34-O34 -> 164
A35: 8 | B35: 1915 | C35: 1915 | D35: Office Equipment | E35: 0.1 | G35: 5035 | H35: 13 | I35: 0 | J35: =SUM(G35:I35) -> 5048 | L35: 2800 | M35: 598 | N35: 0 | O35: =+L35+M35+N35 -> 3398 | P35: =+J35-O35 -> 1650
A36: 50 | B36: 1920 | C36: 1920 | D36: Computer hardware | E36: 0.20416667 | F36: 2 | G36: 13363 | H36: 2194 | I36: 0 | J36: =SUM(G36:I36) -> 15557 | L36: 7869 | M36: 2161 | N36: 0 | O36: =+L36+M36+N36 -> 10030 | P36: =+J36-O36 -> 5527
A37: 12 | B37: 1925 | C37: 1611 | D37: Computer Software | E37: 0.22777778 | F37: 2 | G37: 67643 | H37: 12413 | I37: 0 | J37: =SUM(G37:I37) -> 80056 | L37: 15934 | M37: 8853 | N37: 0 | O37: =+L37+M37+N37 -> 24787 | P37: =+J37-O37 -> 55269
A38: 10 | B38: 1930 | C38: 1930 | D38: Transportation | E38: 0.090548341 | F38: 2 | G38: 16566 | H38: 3124 | I38: 0 | J38: =SUM(G38:I38) -> 19690 | L38: 7619 | M38: 1953 | N38: 0 | O38: =+L38+M38+N38 -> 9572 | P38: =+J38-O38 -> 10118
A39: 8 | B39: 1935 | C39: 1935 | D39: Stores Equipment | E39: 0.1 | G39: 680 | H39: 0 | I39: 0 | J39: =SUM(G39:I39) -> 680 | L39: 44 | M39: 65 | N39: 0 | O39: =+L39+M39+N39 -> 109 | P39: =+J39-O39 -> 571
A40: 8 | B40: 1940/1945 | C40: 1940 | D40: Tools, Shop & Garage | E40: 0.1 | G40: 4875 | H40: 478 | I40: 0 | J40: =SUM(G40:I40) -> 5353 | L40: 2151 | M40: 498 | N40: 0 | O40: =+L40+M40+N40 -> 2649 | P40: =+J40-O40 -> 2704
A41: 8 | B41: 1955 | C41: 1955 | D41: Communication Equipment | E41: 0.21666667 | F41: 2 | G41: 2599 | H41: 268 | I41: 0 | J41: =SUM(G41:I41) -> 2867 | L41: 1797 | M41: 209 | N41: 0 | O41: =+L41+M41+N41 -> 2006 | P41: =+J41-O41 -> 861
A42: 8 | B42: 1960 | C42: 1960 | D42: Miscellaneous equipment | E42: 0.1 | G42: 0 | H42: 0 | I42: 0 | J42: =SUM(G42:I42) -> 0 | L42: 0 | M42: 0 | N42: 0 | O42: =+L42+M42+N42 -> 0 | P42: =+J42-O42 -> 0
A43: 47 | B43: 1980 | C43: 1980 | D43: System Supervisory Equip | E43: 0.077777778 | F43: 2 | G43: 12605 | H43: 1596 | I43: 0 | J43: =SUM(G43:I43) -> 14201 | L43: 5511 | M43: 1044 | N43: 0 | O43: =+L43+M43+N43 -> 6555 | P43: =+J43-O43 -> 7646
A44: 47 | B44: 1990 | C44: 1990 | D44: Other Tangible property | E44: n/a | G44: 0 | H44: 0 | I44: 0 | J44: =SUM(G44:I44) -> 0 | L44: 0 | M44: 0 | N44: 0 | O44: =+L44+M44+N44 -> 0 | P44: =+J44-O44 -> 0
D45: Subtotal General Plant Assets | E45: n/a | G45: =SUM(G33:G44) -> 170870 | H45: =SUM(H33:H44) -> 20484 | I45: =SUM(I33:I44) -> 0 | J45: =SUM(J33:J44) -> 191354 | L45: =SUM(L33:L44) -> 48521 | M45: =SUM(M33:M44) -> 16448 | N45: =SUM(N33:N44) -> 0 | O45: =SUM(O33:O44) -> 64969 | P45: =SUM(P33:P44) -> 126385
A46: Other Capital | L46: 0
A47: 47 | B47: 2005 | C47: 2005 | D47: Prop. Under Capital Lease-Addiscott | E47: 0.04 | G47: 17549 | H47: 0 | I47: 0 | J47: =SUM(G47:I47) -> 17549 | L47: 3657 | M47: 733 | N47: 0 | O47: =+L47+M47+N47 -> 4390 | P47: =+J47-O47 -> 13159
D48: Subtotal Other Capital Assets | E48: n/a | G48: =SUM(G47:G47) -> 17549 | H48: =SUM(H47:H47) -> 0 | I48: =SUM(I47:I47) -> 0 | J48: =SUM(J47:J47) -> 17549 | L48: =+L47 -> 3657 | M48: =SUM(M47:M47) -> 733 | N48: =SUM(N47:N47) -> 0 | O48: =SUM(O47:O47) -> 4390 | P48: =+J48-O48 -> 13159
B49: Gross Asset Totals Excluding Contributed Capital | D49: Total Assets Before Contributed Capital | E49: n/a | G49: =+G31+G45+G48 -> 1415684 | H49: =+H31+H45+H48 -> 142406 | I49: =+I31+I45+I48 -> -3727 | J49: =+J31+J45+J48 -> 1554363 | L49: =+L31+L45+L48 -> 227143 | M49: =+M31+M45+M48 -> 59364 | N49: =+N31+N45+N48 -> -789 | O49: =+O31+O45+O48 -> 285718 | P49: =+J49-O49 -> 1268645
A50: 47 | B50: 1995 | C50: 1995/1996 | D50: Contributed Capital | E50: varies | G50: -344175.92 | H50: -22013.855 | I50: 993 | J50: =SUM(G50:I50) -> -365196.77 | L50: -44951.538 | M50: -10620 | N50: 71 | O50: =SUM(L50:N50) -> -55500.538 | P50: =+J50-O50 -> -309696.23
D51: NET DISTRIBUTION ASSETS | E51: n/a | G51: =+G49+G50 -> 1071508.1 | H51: =+H49+H50 -> 120392.15 | I51: =+I49+I50 -> -2734 | J51: =+J49+J50 -> 1189166.2 | L51: =+L49+L50 -> 182191.46 | M51: =+M49+M50 -> 48744 | N51: =+N49+N50 -> -718 | O51: =+O49+O50 -> 230217.46 | P51: =+J51-O51 -> 958948.77
D52: Less Socialized Renewable Energy Generation Investments (input as negative) (5) | G52: -2967 | H52: =2967-3034 -> -67 | I52: 0 | J52: =SUM(G52:I52) -> -3034 | L52: -369 | M52: =369-479 -> -110 | N52: 0 | O52: =+L52+M52+N52 -> -479 | P52: =+J52-O52 -> -2555
D53: Less Other Non Rate-Regulated Utility Assets (input as negative) (4) | G53: 169.9697 | H53: -2.002 | I53: 0 | J53: =SUM(G53:I53) -> 167.9677 | L53: -116.97777 | M53: -43.994089 | N53: 0 | O53: =SUM(L53:N53) -> -160.97186 | P53: =+J53-O53 -> 328.93956
D54: Total PP&E | G54: =SUM(G51:G53) -> 1068711.1 | H54: =SUM(H51:H53) -> 120323.14 | I54: =SUM(I51:I53) -> -2734 | J54: =SUM(J51:J53) -> 1186300.2 | L54: =SUM(L51:L53) -> 181705.48 | M54: =SUM(M51:M53) -> 48590.006 | N54: =SUM(N51:N53) -> -718 | O54: =SUM(O51:O53) -> 229577.49 | P54: =SUM(P51:P53)-1 -> 956721.71
J56: Less: Fully Allocated Depreciation
A57: =+A38 -> 10 | D57: =+D38 -> Transportation | J57: Transportation | M57: =+M38 -> 1953
A58: =+A39 -> 8 | D58: =+D39 -> Stores Equipment | J58: Stores Equipment | M58: =+M39 -> 65
A59: =+A40 -> 8 | D59: =+D40 -> Tools, Shop & Garage | J59: =+D40 -> Tools, Shop & Garage | M59: =+M40 -> 498
J60: less - Non- distribution | M60: =+M53 -> -43.994089
J61: Net Depreciation | M61: =M51-M57-M58-M59+M60 -> 46184.006
A62: NOTES:
A63: (1) This is the depreciation rate on the largest component within the asset class. Actual depreciation is calculated on the specific rate for each component within the class.
A64: (2) This is the average depreciation rate of the subclass of assets within the asset group
A65: (3) Work in progress expenditures have been removed
A66: (4) Non-distribution assets have been removed. For PowerStream the net impact is adding cost because the removal of the contributed capital on streetlighting nominally exceeded the cost
A67: (5) Renewable Generation ("RGEN") capital costs for 2015 are included in the closing 2016 fixed assets balances. The renewable generation connection rate protection("RGCRP") addtions represents 94% of the RGEN costs and for 2017 the calculated amount is $76k. Upon approval PowerStream will receive the recoveries from Ontario ratepayers through the IESO. The residual 6%, otherwise known as the RGEN direct benefit, has been included in the above 2016 fixed asset addtions and therefore added to rate base to be recovered from PowerStream ratepayers.

Sheet 2017 Full Conty Mifrs Appen 
O1: File Number: | P1: EB-2015-0003
O2: Exhibit: | P2: ='2015 Full Conty Mifrs Appen '!P2 -> A
O3: Tab: | P3: ='2015 Full Conty Mifrs Appen '!P3 -> 2
O4: Schedule: | P4: ='2015 Full Conty Mifrs Appen '!P4 -> 4
O5: Page:
N7: Revision | O7: Date: | P7: August 21,2015
A8: Appendix 2-BA
A9: Fixed Asset Continuity Schedule
H10: Year | I10: 2017
G12: COST (000's) | L12: ACCUMULATIVE DEPRECIATION (000's)
A13: CCA Class | B13: PS GL Account | C13: GL account | D13: Detail Asset Class | E13: Depreciation Rate | F13: Notes | G13: Opening Balance | H13: Additions (3) | I13: Disposals/ Adjustments | J13: Closing Balance | L13: Opening Balance | M13: Additions (3) | N13: Disposals/ Adjustments | O13: Closing Balance | P13: Net Book Value (000's
A14: Distribution Assets
A15: 47 | B15: 1610 | C15: 1610 | D15: Hydro One TS - Contributed Capital | E15: 0.025 | G15: 4953 | H15: =ROUND(SUMIF('[1]Details capex '!$C$7:$C$68,C15,'[1]Details capex '!$BT$7:$BT$68)/1000,0) -> 0 | I15: 0 | J15: =SUM(G15:I15) -> 4953 | L15: 1469 | M15: 288 | N15: 0 | O15: =+L15+M15+N15 -> 1757 | P15: =+J15-O15 -> 3196
A16: n/a | B16: 1805/1905 | C16: 1805 | D16: Land | E16: 0 | G16: 26436 | H16: =ROUND(SUMIF('[1]Details capex '!$C$7:$C$68,C16,'[1]Details capex '!$BT$7:$BT$68)/1000,0) -> 0 | I16: 0 | J16: =SUM(G16:I16) -> 26436 | L16: 0 | M16: 0 | N16: 0 | O16: =+L16+M16+N16 -> 0 | P16: =+J16-O16 -> 26436
A17: CEC | B17: 1806/1906 | C17: 1612 | D17: Land Rights | E17: 0 | G17: 940 | H17: =ROUND(SUMIF('[1]Details capex '!$C$7:$C$68,C17,'[1]Details capex '!$BT$7:$BT$68)/1000,0) -> 30 | I17: 0 | J17: =SUM(G17:I17) -> 970 | L17: 0 | M17: 0 | N17: 0 | O17: =+L17+M17+N17 -> 0 | P17: =+J17-O17 -> 970
A18: 1 | B18: 1808 | C18: 1808 | D18: Building & Fixtures | E18: 0.025 | G18: 7005 | H18: =ROUND(SUMIF('[1]Details capex '!$C$7:$C$68,C18,'[1]Details capex '!$BT$7:$BT$68)/1000,0) -> 68 | I18: 0 | J18: =SUM(G18:I18) -> 7073 | L18: 1235 | M18: 220 | N18: 0 | O18: =+L18+M18+N18 -> 1455 | P18: =+J18-O18 -> 5618
A19: 47 | B19: 1810 | C19: 1810 | D19: Major spare parts | E19: 0 | G19: 9878 | H19: =ROUND(SUMIF('[1]Details capex '!$C$7:$C$68,C19,'[1]Details capex '!$BT$7:$BT$68)/1000,0) -> 0 | I19: 0 | J19: =SUM(G19:I19) -> 9878 | L19: 0 | M19: 0 | N19: 0 | O19: =+L19+M19+N19 -> 0 | P19: =+J19-O19 -> 9878
A20: 47 | B20: 1815 | C20: 1815 | D20: Transformer Stations | E20: 0.025 | F20: 1 | G20: 109144 | H20: =ROUND(SUMIF('[1]Details capex '!$C$7:$C$68,C20,'[1]Details capex '!$BT$7:$BT$68)/1000,0) -> 24664 | I20: 0 | J20: =SUM(G20:I20) -> 133808 | L20: 25626 | M20: 4371 | N20: 0 | O20: =+L20+M20+N20 -> 29997 | P20: =+J20-O20 -> 103811
A21: 47 | B21: 1820 | C21: 1820 | D21: Distribution Stations | E21: 0.033333333 | F21: 1 | G21: 28878 | H21: =ROUND(SUMIF('[1]Details capex '!$C$7:$C$68,C21,'[1]Details capex '!$BT$7:$BT$68)/1000,0) -> 1711 | I21: 0 | J21: =SUM(G21:I21) -> 30589 | L21: 8686 | M21: 1446 | N21: 0 | O21: =+L21+M21+N21 -> 10132 | P21: =+J21-O21 -> 20457
A22: 47 | B22: 1830 | C22: 1830 | D22: Poles, Towers & Fixtures | E22: 0.022222222 | G22: 184239 | H22: =ROUND(SUMIF('[1]Details capex '!$C$7:$C$68,C22,'[1]Details capex '!$BT$7:$BT$68)/1000,0) -> 22180 | I22: -87 | J22: =SUM(G22:I22) -> 206332 | L22: 18682 | M22: 4560 | N22: -4 | O22: =+L22+M22+N22 -> 23238 | P22: =+J22-O22 -> 183094
A23: 47 | B23: 1835 | C23: 1835 | D23: O/H Cond & Devices | E23: 0.025 | G23: 161244 | H23: =ROUND(SUMIF('[1]Details capex '!$C$7:$C$68,C23,'[1]Details capex '!$BT$7:$BT$68)/1000,0) -> 20981 | I23: -130 | J23: =SUM(G23:I23) -> 182095 | L23: 20236 | M23: 4748 | N23: -8 | O23: =+L23+M23+N23 -> 24976 | P23: =+J23-O23 -> 157119
A24: 47 | B24: 1840 | C24: 1840 | D24: U/G Conduit | E24: 0.016666667 | G24: 111352 | H24: =ROUND(SUMIF('[1]Details capex '!$C$7:$C$68,C24,'[1]Details capex '!$BT$7:$BT$68)/1000,0) -> 6702 | I24: 0 | J24: =SUM(G24:I24) -> 118054 | L24: 8994 | M24: 1998 | N24: 0 | O24: =+L24+M24+N24 -> 10992 | P24: =+J24-O24 -> 107062
A25: 47 | B25: 1845 | C25: 1845 | D25: U/G Cond & Devices | E25: 0.022222222 | G25: 354812 | H25: =ROUND(SUMIF('[1]Details capex '!$C$7:$C$68,C25,'[1]Details capex '!$BT$7:$BT$68)/1000,0) -> 39850 | I25: -433 | J25: =SUM(G25:I25) -> 394229 | L25: 40867 | M25: 10016 | N25: -23 | O25: =+L25+M25+N25 -> 50860 | P25: =+J25-O25 -> 343369
A26: 47 | B26: 1849 | C26: 1850 | D26: Line Transformers | E26: 0.029166667 | F26: 2 | G26: 180140 | H26: =ROUND(SUMIF('[1]Details capex '!$C$7:$C$68,C26,'[1]Details capex '!$BT$7:$BT$68)/1000,0) -> 13057 | I26: -1901 | J26: =SUM(G26:I26) -> 191296 | L26: 38498 | M26: 7671 | N26: -166 | O26: =+L26+M26+N26 -> 46003 | P26: =+J26-O26 -> 145293
A27: 47 | B27: 1855 | C27: 1855 | D27: Services (OH and UG) | E27: 0.0325 | F27: 2 | G27: 75922 | H27: =ROUND(SUMIF('[1]Details capex '!$C$7:$C$68,C27,'[1]Details capex '!$BT$7:$BT$68)/1000,0) -> 3701 | I27: 0 | J27: =SUM(G27:I27) -> 79623 | L27: 21389 | M27: 3571 | N27: 0 | O27: =+L27+M27+N27 -> 24960 | P27: =+J27-O27 -> 54663
A28: 47 | B28: 1860 | C28: 1860 | D28: Meters | E28: 0.053333333 | F28: 2 | G28: 34986 | H28: =ROUND((+'[1]Details capex '!$BT$35+'[1]Details capex '!$BT$36)/1000,0) -> 2824 | I28: -1176 | J28: =SUM(G28:I28) -> 36634 | L28: 8629 | M28: 2331 | N28: -588 | O28: =+L28+M28+N28 -> 10372 | P28: =+J28-O28 -> 26262
A29: 47 | B29: 1862 | C29: 1860 | D29: Smart Meters | E29: 0.066666667 | G29: 53403 | H29: =ROUND((+'[1]Details capex '!$BT$37)/1000,0) -> 1353 | I29: 0 | J29: =SUM(G29:I29) -> 54756 | L29: 21561 | M29: 3882 | N29: 0 | O29: =+L29+M29+N29 -> 25443 | P29: =+J29-O29 -> 29313
A30: 47 | C30: 1875 | D30: Streetlighting | E30: 0.04 | G30: 2128 | H30: =ROUND(SUMIF('[1]Details capex '!$C$7:$C$68,C30,'[1]Details capex '!$BT$7:$BT$68)/1000,0) -> 2 | I30: 0 | J30: =SUM(G30:I30) -> 2130 | L30: 487 | M30: 91 | N30: 0 | O30: =+L30+M30+N30 -> 578 | P30: =+J30-O30 -> 1552
D31: Subtotal Distribution Assets | E31: n/a | G31: =SUM(G15:G30) -> 1345460 | H31: =SUM(H15:H30) -> 137123 | I31: =SUM(I15:I30) -> -3727 | J31: =SUM(J15:J30) -> 1478856 | L31: =SUM(L15:L30) -> 216359 | M31: =SUM(M15:M30) -> 45193 | N31: =SUM(N15:N30) -> -789 | O31: =SUM(O15:O30) -> 260763 | P31: =SUM(P15:P30) -> 1218093
A32: General Plant Assets
A33: 1 | B33: 1908 | C33: 1908 | D33: Building & Fixtures - Head office | E33: 0.02 | F33: 1 | G33: 47711 | H33: =ROUND(SUMIF('[1]Details capex '!$C$7:$C$68,C33,'[1]Details capex '!$BT$7:$BT$68)/1000,0) -> 354 | I33: 0 | J33: =SUM(G33:I33) -> 48065 | L33: 5836 | M33: 1073 | N33: 0 | O33: =+L33+M33+N33 -> 6909 | P33: =+J33-O33 -> 41156
A34: 13 | B34: 1910 | C34: 1910 | D34: Leasehold Improvements | E34: 0.3 | G34: 191 | H34: =ROUND(SUMIF('[1]Details capex '!$C$7:$C$68,C34,'[1]Details capex '!$BT$7:$BT$68)/1000,0) -> 0 | I34: 0 | J34: =SUM(G34:I34) -> 191 | L34: 27 | M34: -1 | N34: 0 | O34: =+L34+M34+N34 -> 26 | P34: =+J34-O34 -> 165
A35: 8 | B35: 1915 | C35: 1915 | D35: Office Equipment | E35: 0.1 | G35: 5048 | H35: =ROUND(SUMIF('[1]Details capex '!$C$7:$C$68,C35,'[1]Details capex '!$BT$7:$BT$68)/1000,0) -> 21 | I35: 0 | J35: =SUM(G35:I35) -> 5069 | L35: 3398 | M35: 598 | N35: 0 | O35: =+L35+M35+N35 -> 3996 | P35: =+J35-O35 -> 1073
A36: 50 | B36: 1920 | C36: 1920 | D36: Computer hardware | E36: 0.20416667 | F36: 2 | G36: 15557 | H36: =ROUND(SUMIF('[1]Details capex '!$C$7:$C$68,C36,'[1]Details capex '!$BT$7:$BT$68)/1000,0) -> 2601 | I36: 0 | J36: =SUM(G36:I36) -> 18158 | L36: 10030 | M36: 2464 | N36: 0 | O36: =+L36+M36+N36 -> 12494 | P36: =+J36-O36 -> 5664
A37: 12 | B37: 1925 | C37: 1611 | D37: Computer Software | E37: 0.22777778 | F37: 2 | G37: 80056 | H37: =ROUND(SUMIF('[1]Details capex '!$C$7:$C$68,C37,'[1]Details capex '!$BT$7:$BT$68)/1000,0) -> 9217 | I37: 0 | J37: =SUM(G37:I37) -> 89273 | L37: 24787 | M37: 10009 | N37: 0 | O37: =+L37+M37+N37 -> 34796 | P37: =+J37-O37 -> 54477
A38: 10 | B38: 1930 | C38: 1930 | D38: Transportation | E38: 0.090548341 | F38: 2 | G38: 19690 | H38: =ROUND(SUMIF('[1]Details capex '!$C$7:$C$68,C38,'[1]Details capex '!$BT$7:$BT$68)/1000,0) -> 2365 | I38: 0 | J38: =SUM(G38:I38) -> 22055 | L38: 9572 | M38: 2027 | N38: 0 | O38: =+L38+M38+N38 -> 11599 | P38: =+J38-O38 -> 10456
A39: 8 | B39: 1935 | C39: 1935 | D39: Stores Equipment | E39: 0.1 | G39: 680 | H39: =ROUND(SUMIF('[1]Details capex '!$C$7:$C$68,C39,'[1]Details capex '!$BT$7:$BT$68)/1000,0) -> 0 | I39: 0 | J39: =SUM(G39:I39) -> 680 | L39: 109 | M39: 66 | N39: 0 | O39: =+L39+M39+N39 -> 175 | P39: =+J39-O39 -> 505
A40: 8 | B40: 1940/1945 | C40: 1940 | D40: Tools, Shop & Garage | E40: 0.1 | G40: 5353 | H40: =ROUND(SUMIF('[1]Details capex '!$C$7:$C$68,C40,'[1]Details capex '!$BT$7:$BT$68)/1000,0) -> 417 | I40: 0 | J40: =SUM(G40:I40) -> 5770 | L40: 2649 | M40: 505 | N40: 0 | O40: =+L40+M40+N40 -> 3154 | P40: =+J40-O40 -> 2616
A41: 8 | B41: 1955 | C41: 1955 | D41: Communication Equipment | E41: 0.21666667 | F41: 2 | G41: 2867 | H41: =ROUND(SUMIF('[1]Details capex '!$C$7:$C$68,C41,'[1]Details capex '!$BT$7:$BT$68)/1000,0) -> 452 | I41: 0 | J41: =SUM(G41:I41) -> 3319 | L41: 2006 | M41: 209 | N41: 0 | O41: =+L41+M41+N41 -> 2215 | P41: =+J41-O41 -> 1104
A42: 8 | B42: 1960 | C42: 1960 | D42: Miscellaneous equipment | E42: 0.1 | G42: 0 | H42: =ROUND(SUMIF('[1]Details capex '!$C$7:$C$68,C42,'[1]Details capex '!$BT$7:$BT$68)/1000,0) -> 0 | I42: 0 | J42: =SUM(G42:I42) -> 0 | L42: 0 | M42: 0 | N42: 0 | O42: =+L42+M42+N42 -> 0 | P42: =+J42-O42 -> 0
A43: 47 | B43: 1980 | C43: 1980 | D43: System Supervisory Equip | E43: 0.077777778 | F43: 2 | G43: 14201 | H43: =ROUND(SUMIF('[1]Details capex '!$C$7:$C$68,C43,'[1]Details capex '!$BT$7:$BT$68)/1000,0) -> 962 | I43: 0 | J43: =SUM(G43:I43) -> 15163 | L43: 6555 | M43: 1058 | N43: 0 | O43: =+L43+M43+N43 -> 7613 | P43: =+J43-O43 -> 7550
A44: 47 | B44: 1990 | C44: 1990 | D44: Other Tangible property | E44: n/a | G44: 0 | H44: =ROUND(SUMIF('[1]Details capex '!$C$7:$C$68,C44,'[1]Details capex '!$BT$7:$BT$68)/1000,0) -> 0 | I44: 0 | J44: =SUM(G44:I44) -> 0 | L44: 0 | M44: 0 | N44: 0 | O44: =+L44+M44+N44 -> 0 | P44: =+J44-O44 -> 0
D45: Subtotal General Plant Assets | E45: n/a | G45: =SUM(G33:G44) -> 191354 | H45: =SUM(H33:H44) -> 16389 | I45: =SUM(I33:I44) -> 0 | J45: =SUM(J33:J44) -> 207743 | L45: =SUM(L33:L44) -> 64969 | M45: =SUM(M33:M44) -> 18008 | N45: =SUM(N33:N44) -> 0 | O45: =SUM(O33:O44) -> 82977 | P45: =+J45-O45 -> 124766
A46: Other Capital
A47: 47 | B47: 2005 | C47: 2005 | D47: Prop. Under Capital Lease-Addiscott | E47: 0.04 | G47: 17549 | H47: 0 | I47: 0 | J47: =SUM(G47:I47) -> 17549 | L47: 4390 | M47: 731 | N47: 0 | O47: =+L47+M47+N47 -> 5121 | P47: =+J47-O47 -> 12428
D48: Subtotal Other Capital Assets | E48: n/a | G48: =SUM(G47:G47) -> 17549 | H48: =SUM(H47:H47) -> 0 | I48: =SUM(I47:I47) -> 0 | J48: =SUM(J47:J47) -> 17549 | L48: =SUM(L47:L47) -> 4390 | M48: =SUM(M47:M47) -> 731 | N48: =SUM(N47:N47) -> 0 | O48: =SUM(O47:O47) -> 5121 | P48: =+J48-O48 -> 12428
B49: Gross Asset Totals Excluding Contributed Capital | D49: Total Assets Before Contributed Capital | E49: n/a | G49: =+G31+G45+G48 -> 1554363 | H49: =+H31+H45+H48 -> 153512 | I49: =+I31+I45+I48 -> -3727 | J49: =+J31+J45+J48 -> 1704148 | L49: =+L31+L45+L48 -> 285718 | M49: =+M31+M45+M48 -> 63932 | N49: =+N31+N45+N48 -> -789 | O49: =+O31+O45+O48 -> 348861 | P49: =+J49-O49 -> 1355287
A50: 47 | B50: 1995 | C50: 1995/1996 | D50: Contributed Capital | E50: varies | G50: -365196.77 | H50: ='[1]Details capex '!$BT$68/1000 -> -20185.985 | I50: 993 | J50: =SUM(G50:I50) -> -384389.75 | L50: -55500.538 | M50: -11277 | N50: 70.627 | O50: =SUM(L50:N50) -> -66706.911 | P50: =+J50-O50 -> -317682.84
D51: NET DISTRIBUTION ASSETS | E51: n/a | G51: =+G49+G50 -> 1189166.2 | H51: =+H49+H50 -> 133326.02 | I51: =+I49+I50 -> -2734 | J51: =+J49+J50 -> 1319758.2 | L51: =+L49+L50 -> 230217.46 | M51: =+M49+M50 -> 52655 | N51: =+N49+N50 -> -718.373 | O51: =+O49+O50 -> 282154.09 | P51: =+J51-O51 -> 1037604.2
D52: Less Socialized Renewable Energy Generation Investments (input as negative) (5) | G52: -3034 | H52: 0 | I52: 0 | J52: =SUM(G52:I52) -> -3034 | L52: -479 | M52: =479-587 -> -108 | N52: 0 | O52: =+L52+M52+N52 -> -587 | P52: =+J52-O52 -> -2447
D53: Less Other Non Rate-Regulated Utility Assets (input as negative) (4) | G53: 167.9677 | H53: -2.1757804 | I53: 0 | J53: =SUM(G53:I53) -> 165.79192 | L53: -160.97186 | M53: -43.994089 | N53: 0 | O53: =SUM(L53:N53) -> -204.96595 | P53: =+J53-O53 -> 370.75787
D54: Total PP&E | G54: =SUM(G51:G53) -> 1186300.2 | H54: =SUM(H51:H53) -> 133323.84 | I54: =SUM(I51:I53) -> -2734 | J54: =SUM(J51:J53) -> 1316890 | L54: =SUM(L51:L53) -> 229577.49 | M54: =SUM(M51:M53) -> 52503.006 | N54: =SUM(N51:N53) -> -718.373 | O54: =SUM(O51:O53) -> 281362.12 | P54: =SUM(P51:P53)-2 -> 1035525.9
J56: Less: Fully Allocated Depreciation
A57: =+A38 -> 10 | D57: =+D38 -> Transportation | J57: Transportation | M57: =+M38 -> 2027
A58: =+A39 -> 8 | D58: =+D39 -> Stores Equipment | J58: Stores Equipment | M58: =+M39 -> 66
A59: =+A40 -> 8 | D59: =+D40 -> Tools, Shop & Garage | J59: =+D40 -> Tools, Shop & Garage | M59: =+M40 -> 505
J60: less - Non- distribution | M60: =+M53 -> -43.994089
J61: Net Depreciation | M61: =M51-M57-M58-M59+M60 -> 50013.006
A62: NOTES:
A63: (1) This is the depreciation rate on the largest component within the asset class. Actual depreciation is calculated on the specific rate for each component within the class.
A64: (2) This is the average depreciation rate of the subclass of assets within the asset group
A65: (3) Work in progress expenditures have been removed
A66: (4) Non-distribution assets have been removed. For PowerStream the net impact is adding cost because the removal of the contributed capital on streetlighting nominally exceeded the cost
A67: (5) Renewable Generation ("RGEN") accumulative capital costs for 2016 are included in the closing 2017 fixed assets balances. The renewable generation connection rate protection("RGCRP") addtions represents 94% of the RGEN costs and for 2017 the calculated amount is $67k. Upon approval PowerStream will receive the recoveries from Ontario ratepayers through the IESO. The residual 6%, otherwise known as the RGEN direct benefit, has been included in the above 2017 fixed asset addtions and is added to rate base to be recovered from PowerStream ratepayers.
